[ AOE2 MATCH · #479997168 ]
Team RMLithuanians vs Franks
[ REPLAY ANALYSIS · EXTRACTED FROM THE RECORDED GAME ]
Feudal
10:49
Castle
15:44
Imperial
32:20
| APM avg | 33.3 |
| APM peak | 117 |
| eAPM avg | 11.6 |
| Villagers / military | 113 / 447 |
Focus
⚔️ 35.7% · 🌾 64.3%
Knight ×242 · Skirmisher ×195 · Monk ×5 · Militia ×2 · Trebuchet (Packed) ×2 · Spearman ×1
Feudal
12:17
Castle
18:13
Imperial
36:40
| APM avg | 15.0 |
| APM peak | 88 |
| eAPM avg | 12.8 |
| Villagers / military | 112 / 421 |
Focus
⚔️ 64.2% · 🌾 35.8%
Spearman ×190 · Skirmisher ×149 · Petard ×59 · Unknown (2550) ×52 · Mangonel ×13 · Unknown (2562) ×11
Feudal
11:23
Castle
18:48
Imperial
31:59
| APM avg | 49.9 |
| APM peak | 181 |
| eAPM avg | 36.3 |
| Villagers / military | 125 / 449 |
Focus
⚔️ 46.0% · 🌾 54.0%
Spearman ×261 · Scorpion ×128 · Battle Elephant ×46 · Trade Cart ×9 · Trebuchet (Packed) ×9 · Monk ×5
Feudal
14:15
Castle
22:50
Imperial
35:23
| APM avg | 9.8 |
| APM peak | 49 |
| eAPM avg | 6.6 |
| Villagers / military | 76 / 188 |
Focus
⚔️ 40.5% · 🌾 59.5%
Knight ×178 · Trade Cart ×9 · Monk ×6 · Trebuchet (Packed) ×4
Feudal
12:00
Castle
18:51
Imperial
33:45
| APM avg | 32.8 |
| APM peak | 100 |
| eAPM avg | 16.1 |
| Villagers / military | 95 / 85 |
Focus
⚔️ 26.7% · 🌾 73.3%
Battle Elephant ×49 · Archer ×14 · Bombard Cannon ×13 · Petard ×3 · Battering Ram ×3 · Mangonel ×2
Feudal
11:36
Castle
15:28
Imperial
30:07
| APM avg | 26.2 |
| APM peak | 70 |
| eAPM avg | 13.7 |
| Villagers / military | 117 / 448 |
Focus
⚔️ 38.6% · 🌾 61.4%
Scorpion ×238 · Militia ×203 · Trebuchet (Packed) ×7
Feudal
13:14
Castle
22:10
Imperial
34:14
| APM avg | 29.3 |
| APM peak | 86 |
| eAPM avg | 26.1 |
| Villagers / military | 116 / 746 |
Focus
⚔️ 57.4% · 🌾 42.6%
Spearman ×334 · Tarkan ×264 · Skirmisher ×139 · Trade Cart ×45 · Trebuchet (Packed) ×9
Feudal
11:39
Castle
21:03
Imperial
32:58
| APM avg | 11.2 |
| APM peak | 28 |
| eAPM avg | 9.4 |
| Villagers / military | 148 / 241 |
Focus
⚔️ 29.2% · 🌾 70.8%
Militia ×123 · Spearman ×64 · Cataphract ×42 · Trade Cart ×39 · Knight ×6 · Monk ×2
Match map
Initial resources + every placement click. Lines = walls · curves = elevation contours. ◆ gold · ⬟ stone · ● berries · ✦ relic · ◌ wall gap
Your base· ✓ Closed at 15:44 · 0t walls · 3 gate(s)
Ramses der Barmherzige 222's base· ✓ Closed at 18:13 · 0t walls · 2 gate(s)
jean-danie1's base· ✓ Closed at 18:48 · 10t walls · 4 gate(s)
emmanuelsanchez91218's base· ✓ Closed at 22:50 · 0t walls · 2 gate(s)
E-STROKE's base· ✓ Closed at 18:51 · 0t walls · 2 gate(s)
only1's base· ✓ Closed at 15:28 · 0t walls · 2 gate(s)
aemond's base· ✓ Closed at 22:10 · 0t walls · 2 gate(s)
RuloEpic's base· ✓ Closed at 21:03 · 0t walls · 2 gate(s)
Smoothed initial terrain · ◌ = detected wall gap · hover for details
Inputs per minute
— gazza17 - - Ramses der Barmherzige 222
Build order — gazza17
First 150 of 401 actions detected
| 0:04 | Build | House |
| 0:06 | Build | House |
| 0:07 | Research | Loom |
| 0:09 | Create | Villager (Male) |
| 0:10 | Create | Villager (Male) |
| 0:10 | Create | Villager (Male) |
| 1:16 | Create | Villager (Male) |
| 1:16 | Create | Villager (Male) |
| 1:16 | Create | Villager (Male) |
| 1:17 | Create | Villager (Male) |
| 1:39 | Create | Villager (Male) |
| 1:39 | Create | Villager (Male) |
| 2:10 | Build | Lumber Camp |
| 2:32 | Create | Villager (Male) |
| 2:32 | Create | Villager (Male) |
| 2:33 | Create | Villager (Male) |
| 3:37 | Build | House |
| 3:48 | Create | Villager (Male) |
| 3:48 | Create | Villager (Male) |
| 3:48 | Create | Villager (Male) |
| 3:48 | Create | Villager (Male) |
| 4:12 | Create | Villager (Male) |
| 4:12 | Create | Villager (Male) |
| 4:13 | Create | Villager (Male) |
| 4:42 | Create | Villager (Male) |
| 4:50 | Build | Mill |
| 5:36 | Build | House |
| 6:02 | Create | Villager (Male) |
| 6:02 | Create | Villager (Male) |
| 6:03 | Create | Villager (Male) |
| 6:07 | Create | Villager (Male) |
| 6:07 | Create | Villager (Male) |
| 6:59 | Create | Villager (Male) |
| 6:59 | Create | Villager (Male) |
| 7:02 | Create | Villager (Male) |
| 7:02 | Create | Villager (Male) |
| 7:02 | Create | Villager (Male) |
| 8:14 | Research | Feudal Age |
| 8:20 | Build | Mining Camp |
| 8:58 | Build | Farm |
| 9:02 | Build | Farm |
| 9:07 | Build | Farm |
| 9:53 | Build | Farm |
| 10:27 | Create | Villager (Male) |
| 10:28 | Create | Villager (Male) |
| 10:49 | Age | Feudal Age |
| 10:54 | Build | Blacksmith |
| 11:02 | Build | Market |
| 11:11 | Build | Farm |
| 11:15 | Build | Farm |
| 11:19 | Build | Farm |
| 11:25 | Build | Farm |
| 11:54 | Create | Villager (Male) |
| 11:55 | Create | Villager (Male) |
| 12:00 | Research | Loom |
| 12:12 | Build | House |
| 12:13 | Build | House |
| 12:39 | Create | Villager (Male) |
| 12:59 | Research | Castle Age |
| 13:56 | Research | Double-Bit Axe |
| 13:59 | Research | Horse Collar |
| 14:39 | Research | Gold Mining |
| 15:44 | Age | Castle Age |
| 15:50 | Build | Monastery |
| 15:57 | Create | Villager (Male) |
| 15:58 | Create | Villager (Male) |
| 15:58 | Create | Villager (Male) |
| 16:06 | Research | Bow Saw |
| 16:12 | Research | Heavy Plow |
| 16:22 | Build | House |
| 16:23 | Build | House |
| 16:28 | Build | House |
| 16:31 | Create | Monk |
| 16:53 | Create | Villager (Male) |
| 16:53 | Create | Villager (Male) |
| 17:06 | Create | Monk |
| 17:39 | Build | Barracks |
| 17:44 | Create | Villager (Male) |
| 17:44 | Create | Villager (Male) |
| 18:42 | Build | Stable |
| 18:47 | Create | Villager (Male) |
| 18:47 | Create | Villager (Male) |
| 19:26 | Build | Town Center |
| 19:55 | Create | Villager (Male) |
| 19:55 | Create | Villager (Male) |
| 19:55 | Create | Villager (Male) |
| 20:06 | Build | Town Center |
| 20:15 | Build | House |
| 20:16 | Build | House |
| 20:17 | Build | House |
| 20:45 | Create | Villager (Male) |
| 20:45 | Create | Villager (Male) |
| 20:45 | Create | Villager (Male) |
| 20:46 | Create | Villager (Male) |
| 21:09 | Build | Farm |
| 21:11 | Build | Farm |
| 21:17 | Build | Farm |
| 21:23 | Build | Farm |
| 21:30 | Build | Farm |
| 21:40 | Build | Farm |
| 21:41 | Build | Farm |
| 21:47 | Build | Farm |
| 21:55 | Build | Farm |
| 22:08 | Build | Farm |
| 22:21 | Create | Villager (Male) |
| 22:22 | Create | Villager (Male) |
| 22:25 | Create | Villager (Male) |
| 22:26 | Create | Villager (Male) |
| 22:28 | Create | Villager (Male) |
| 22:28 | Create | Villager (Male) |
| 22:30 | Create | Villager (Male) |
| 22:30 | Create | Villager (Male) |
| 22:30 | Create | Villager (Male) |
| 22:31 | Create | Villager (Male) |
| 23:19 | Research | Wheelbarrow |
| 23:37 | Build | Farm |
| 23:46 | Build | Farm |
| 24:02 | Build | Farm |
| 24:08 | Create | Villager (Male) |
| 24:09 | Create | Villager (Male) |
| 24:09 | Create | Villager (Male) |
| 24:33 | Build | University |
| 24:51 | Build | Farm |
| 24:55 | Build | Farm |
| 25:03 | Build | Farm |
| 25:07 | Build | Farm |
| 25:10 | Build | Farm |
| 25:42 | Create | Knight |
| 25:44 | Research | Husbandry |
| 25:44 | Create | Knight ×5 |
| 25:45 | Create | Knight ×5 |
| 26:02 | Research | Scale Barding Armor |
| 26:03 | Research | Forging |
| 26:08 | Create | Villager (Male) |
| 26:08 | Create | Villager (Male) |
| 26:08 | Create | Villager (Male) |
| 26:15 | Build | Lumber Camp |
| 26:23 | Build | Farm |
| 26:27 | Build | Farm |
| 26:31 | Build | Farm |
| 28:12 | Create | Monk |
| 28:12 | Create | Monk |
| 28:28 | Create | Militia |
| 28:28 | Create | Militia |
| 28:32 | Create | Spearman |
| 28:34 | Research | Pikeman (upgrade) |
| 28:43 | Build | Farm |
| 28:45 | Create | Villager (Male) |
| 28:45 | Create | Villager (Male) |
| 28:45 | Create | Villager (Male) |
Build order — Ramses der Barmherzige 222
First 150 of 751 actions detected
| 0:05 | Create | Villager (Male) |
| 0:06 | Create | Villager (Male) |
| 0:12 | Build | House |
| 0:47 | Build | House |
| 0:47 | Build | House |
| 0:48 | Build | House |
| 0:59 | Create | Villager (Male) |
| 0:59 | Create | Villager (Male) |
| 1:00 | Create | Villager (Male) |
| 1:25 | Research | Loom |
| 1:59 | Create | Villager (Male) |
| 1:59 | Create | Villager (Male) |
| 2:38 | Create | Villager (Male) |
| 2:38 | Create | Villager (Male) |
| 2:59 | Build | Settlement |
| 3:03 | Create | Villager (Male) |
| 3:03 | Create | Villager (Male) |
| 3:36 | Create | Villager (Male) |
| 3:36 | Create | Villager (Male) |
| 3:36 | Create | Villager (Male) |
| 5:05 | Create | Villager (Male) |
| 5:06 | Create | Villager (Male) |
| 5:06 | Create | Villager (Male) |
| 5:06 | Create | Villager (Male) |
| 5:07 | Create | Villager (Male) |
| 5:28 | Create | Villager (Male) |
| 5:28 | Create | Villager (Male) |
| 5:39 | Create | Villager (Male) |
| 6:16 | Create | Villager (Male) |
| 6:16 | Create | Villager (Male) |
| 6:43 | Create | Villager (Male) |
| 7:12 | Create | Villager (Male) |
| 7:48 | Build | Settlement |
| 8:00 | Create | Villager (Male) |
| 8:24 | Create | Villager (Male) |
| 10:07 | Research | Feudal Age |
| 11:00 | Build | House |
| 11:01 | Build | House |
| 11:02 | Build | House |
| 11:02 | Build | House |
| 11:44 | Create | Villager (Male) |
| 11:44 | Create | Villager (Male) |
| 11:44 | Create | Villager (Male) |
| 11:45 | Create | Villager (Male) |
| 11:45 | Create | Villager (Male) |
| 11:45 | Create | Villager (Male) |
| 11:45 | Create | Villager (Male) |
| 12:00 | Build | Settlement |
| 12:17 | Age | Feudal Age |
| 12:23 | Build | Settlement |
| 13:08 | Build | Blacksmith |
| 14:02 | Build | Market |
| 14:59 | Research | Horse Collar |
| 15:33 | Research | Castle Age |
| 15:33 | Research | Castle Age |
| 15:39 | Build | Farm |
| 15:40 | Build | Farm |
| 15:41 | Build | Farm |
| 15:44 | Build | Farm |
| 15:45 | Build | Farm |
| 15:46 | Build | Farm |
| 15:48 | Build | Farm |
| 15:50 | Build | Farm |
| 15:59 | Build | House |
| 15:59 | Build | House |
| 16:00 | Build | House |
| 16:57 | Research | Double-Bit Axe |
| 17:51 | Create | Villager (Male) |
| 17:52 | Create | Villager (Male) |
| 17:52 | Create | Villager (Male) |
| 18:13 | Age | Castle Age |
| 18:13 | Build | House |
| 18:14 | Build | House |
| 18:16 | Build | House |
| 18:25 | Build | Town Center |
| 18:40 | Create | Villager (Male) |
| 18:59 | Build | Town Center |
| 19:03 | Create | Villager (Male) |
| 19:57 | Build | Town Center |
| 20:00 | Create | Villager (Male) |
| 20:01 | Create | Villager (Male) |
| 20:02 | Create | Villager (Male) |
| 20:05 | Create | Villager (Male) |
| 20:16 | Create | Villager (Male) |
| 20:18 | Research | Wheelbarrow |
| 20:33 | Build | House |
| 21:13 | Create | Villager (Male) |
| 21:13 | Create | Villager (Male) |
| 21:13 | Create | Villager (Male) |
| 21:20 | Create | Villager (Male) |
| 21:20 | Create | Villager (Male) |
| 21:20 | Create | Villager (Male) |
| 21:20 | Create | Villager (Male) |
| 21:27 | Build | Farm |
| 21:28 | Build | Farm |
| 21:55 | Research | Heavy Plow |
| 22:03 | Build | Farm |
| 22:07 | Build | Farm |
| 22:10 | Create | Villager (Male) |
| 22:13 | Create | Villager (Male) |
| 22:21 | Build | Farm |
| 22:22 | Build | Farm |
| 22:23 | Build | Farm |
| 22:24 | Build | Farm |
| 22:26 | Build | Farm |
| 22:30 | Build | Farm |
| 22:30 | Build | Farm |
| 22:46 | Build | Farm |
| 22:51 | Create | Villager (Male) |
| 22:52 | Create | Villager (Male) |
| 22:53 | Create | Villager (Male) |
| 23:12 | Create | Villager (Male) |
| 23:19 | Build | Farm |
| 23:24 | Build | House |
| 23:25 | Build | House |
| 23:26 | Build | House |
| 23:29 | Create | Villager (Male) |
| 23:30 | Create | Villager (Male) |
| 23:39 | Research | Gold Mining |
| 23:57 | Research | Stone Mining |
| 24:10 | Create | Villager (Male) |
| 24:13 | Create | Villager (Male) |
| 24:15 | Create | Villager (Male) |
| 24:41 | Research | Bow Saw |
| 25:00 | Build | Farm |
| 25:01 | Build | Farm |
| 25:04 | Build | Farm |
| 25:05 | Build | Farm |
| 25:11 | Research | Gold Shaft Mining |
| 25:14 | Create | Villager (Male) |
| 25:17 | Create | Villager (Male) |
| 25:23 | Create | Villager (Male) |
| 26:00 | Build | Castle |
| 26:17 | Create | Villager (Male) |
| 26:17 | Create | Villager (Male) |
| 26:20 | Create | Villager (Male) |
| 26:20 | Create | Villager (Male) |
| 26:23 | Create | Villager (Male) |
| 26:23 | Create | Villager (Male) |
| 26:27 | Create | Villager (Male) |
| 26:27 | Create | Villager (Male) |
| 26:27 | Create | Villager (Male) |
| 26:36 | Build | Settlement |
| 26:47 | Build | House |
| 26:47 | Build | House |
| 26:48 | Build | House |
| 26:49 | Build | House |
| 26:50 | Create | Villager (Male) |
| 27:05 | Create | Villager (Male) |
| 27:06 | Create | Villager (Male) |
Build order — jean-danie1
First 150 of 804 actions detected
| 0:02 | Create | Villager (Male) |
| 0:02 | Create | Villager (Male) |
| 0:03 | Create | Villager (Male) |
| 0:03 | Create | Villager (Male) |
| 0:03 | Create | Villager (Male) |
| 0:06 | Build | House |
| 0:10 | Build | House |
| 1:30 | Create | Villager (Male) |
| 1:30 | Create | Villager (Male) |
| 1:56 | Create | Villager (Male) |
| 2:31 | Create | Villager (Male) |
| 2:43 | Create | Villager (Male) |
| 2:43 | Create | Villager (Male) |
| 2:43 | Create | Villager (Male) |
| 3:04 | Build | Mill |
| 3:09 | Create | Villager (Male) |
| 3:31 | Build | House |
| 3:39 | Create | Villager (Male) |
| 4:10 | Create | Villager (Male) |
| 4:10 | Create | Villager (Male) |
| 4:24 | Create | Villager (Male) |
| 4:24 | Create | Villager (Male) |
| 4:24 | Create | Villager (Male) |
| 4:31 | Build | House |
| 4:36 | Research | Loom |
| 5:09 | Create | Villager (Male) |
| 5:09 | Create | Villager (Male) |
| 5:09 | Create | Villager (Male) |
| 5:18 | Create | Villager (Male) |
| 5:18 | Create | Villager (Male) |
| 5:47 | Create | Villager (Male) |
| 5:47 | Create | Villager (Male) |
| 5:59 | Build | Lumber Camp |
| 6:11 | Create | Villager (Male) |
| 6:11 | Create | Villager (Male) |
| 6:27 | Build | House |
| 6:56 | Create | Villager (Male) |
| 6:56 | Create | Villager (Male) |
| 6:56 | Create | Villager (Male) |
| 7:39 | Build | Lumber Camp |
| 8:29 | Create | Villager (Male) |
| 8:37 | Build | Mining Camp |
| 8:56 | Research | Feudal Age |
| 9:37 | Build | House |
| 9:55 | Build | Farm |
| 9:55 | Create | Villager (Male) |
| 9:56 | Create | Villager (Male) |
| 10:04 | Build | House |
| 10:42 | Build | Farm |
| 10:43 | Create | Villager (Male) |
| 11:10 | Build | Farm |
| 11:16 | Build | Farm |
| 11:17 | Create | Villager (Male) |
| 11:18 | Create | Villager (Male) |
| 11:23 | Age | Feudal Age |
| 11:28 | Research | Double-Bit Axe |
| 11:28 | Research | Double-Bit Axe |
| 11:35 | Build | Farm |
| 11:48 | Build | Farm |
| 11:57 | Build | Market |
| 12:02 | Build | Farm |
| 12:15 | Build | Farm |
| 12:27 | Build | Stone Wall |
| 12:37 | Build | Stone Wall |
| 12:42 | Build | Gate |
| 12:51 | Build | Blacksmith |
| 12:55 | Build | House |
| 12:56 | Build | House |
| 12:58 | Build | House |
| 13:02 | Build | House |
| 13:03 | Build | House |
| 13:11 | Build | Farm |
| 13:12 | Create | Villager (Male) |
| 13:32 | Build | Farm |
| 13:35 | Create | Villager (Male) |
| 13:59 | Build | Barracks |
| 14:01 | Build | House |
| 14:02 | Build | House |
| 14:09 | Build | Stone Wall |
| 14:18 | Build | Gate |
| 14:28 | Create | Villager (Male) |
| 14:29 | Create | Villager (Male) |
| 14:32 | Build | Farm |
| 14:37 | Build | Farm |
| 14:38 | Build | Farm |
| 14:55 | Build | Farm |
| 14:58 | Create | Villager (Male) |
| 15:01 | Build | Farm |
| 15:20 | Build | Farm |
| 15:32 | Create | Villager (Male) |
| 15:45 | Build | Farm |
| 15:57 | Research | Castle Age |
| 15:57 | Research | Castle Age |
| 16:15 | Build | Mining Camp |
| 16:35 | Research | Horse Collar |
| 16:42 | Research | Stone Mining |
| 16:42 | Research | Gold Mining |
| 16:42 | Research | Gold Mining |
| 16:48 | Create | Spearman |
| 16:49 | Create | Spearman |
| 17:07 | Create | Spearman |
| 17:07 | Create | Spearman |
| 17:10 | Create | Spearman |
| 17:33 | Create | Spearman |
| 17:35 | Create | Spearman |
| 17:51 | Research | Scale Mail Armor |
| 17:56 | Research | Forging |
| 17:56 | Research | Forging |
| 18:07 | Create | Spearman |
| 18:11 | Create | Villager (Male) |
| 18:11 | Create | Villager (Male) |
| 18:11 | Create | Villager (Male) |
| 18:46 | Create | Villager (Male) |
| 18:46 | Create | Villager (Male) |
| 18:48 | Age | Castle Age |
| 19:24 | Build | Town Center |
| 19:27 | Create | Villager (Male) |
| 19:31 | Research | Wheelbarrow |
| 19:41 | Research | Bow Saw |
| 20:02 | Research | Heavy Plow |
| 20:06 | Create | Villager (Male) |
| 20:16 | Build | Town Center |
| 20:49 | Build | Monastery |
| 21:26 | Research | Pikeman (upgrade) |
| 21:27 | Create | Spearman |
| 21:43 | Create | Villager (Male) |
| 21:44 | Create | Monk |
| 21:47 | Create | Monk |
| 21:52 | Create | Villager (Male) |
| 21:57 | Create | Villager (Male) |
| 21:57 | Create | Villager (Male) |
| 21:58 | Create | Villager (Male) |
| 22:03 | Create | Villager (Male) |
| 22:06 | Create | Villager (Male) |
| 22:13 | Create | Villager (Male) |
| 22:15 | Create | Villager (Male) |
| 22:15 | Create | Villager (Male) |
| 22:27 | Build | Farm |
| 22:28 | Create | Villager (Male) |
| 22:39 | Build | Siege Workshop |
| 22:43 | Build | University |
| 22:46 | Create | Villager (Male) |
| 22:48 | Create | Villager (Male) |
| 22:51 | Build | Farm |
| 22:55 | Create | Villager (Male) |
| 23:00 | Build | Farm |
| 23:02 | Create | Villager (Male) |
| 23:02 | Create | Villager (Male) |
| 23:02 | Create | Villager (Male) |
| 23:13 | Create | Villager (Male) |
Build order — emmanuelsanchez91218
First 150 of 284 actions detected
| 0:07 | Build | House |
| 0:09 | Create | Villager (Male) |
| 0:09 | Create | Villager (Male) |
| 0:10 | Create | Villager (Male) |
| 0:13 | Build | House |
| 0:33 | Create | Villager (Male) |
| 0:33 | Create | Villager (Male) |
| 1:35 | Create | Villager (Male) |
| 1:56 | Create | Villager (Male) |
| 2:33 | Create | Villager (Male) |
| 3:01 | Create | Villager (Male) |
| 3:38 | Create | Villager (Male) |
| 4:09 | Create | Villager (Male) |
| 4:10 | Create | Villager (Male) |
| 4:28 | Build | House |
| 4:35 | Build | House |
| 4:49 | Build | Lumber Camp |
| 5:23 | Create | Villager (Male) |
| 5:25 | Create | Villager (Male) |
| 5:42 | Create | Villager (Male) |
| 5:43 | Create | Villager (Male) |
| 6:09 | Build | Mill |
| 6:40 | Create | Villager (Male) |
| 6:40 | Create | Villager (Male) |
| 7:06 | Create | Villager (Male) |
| 7:06 | Create | Villager (Male) |
| 8:31 | Create | Villager (Male) |
| 8:32 | Create | Villager (Male) |
| 8:51 | Create | Villager (Male) |
| 8:52 | Create | Villager (Male) |
| 8:52 | Create | Villager (Male) |
| 9:30 | Build | House |
| 9:36 | Build | House |
| 9:42 | Create | Villager (Male) |
| 9:43 | Create | Villager (Male) |
| 9:59 | Build | Farm |
| 10:00 | Build | Farm |
| 10:01 | Build | Farm |
| 10:06 | Build | Farm |
| 10:09 | Build | Farm |
| 10:12 | Build | Farm |
| 10:14 | Build | Farm |
| 10:16 | Build | Farm |
| 10:44 | Build | House |
| 10:54 | Build | Mining Camp |
| 11:16 | Build | Farm |
| 11:26 | Create | Villager (Male) |
| 12:05 | Research | Feudal Age |
| 13:25 | Create | Villager (Male) ×5 |
| 14:15 | Age | Feudal Age |
| 14:25 | Research | Double-Bit Axe |
| 15:32 | Build | Lumber Camp |
| 16:10 | Create | Villager (Male) ×5 |
| 16:20 | Build | Farm |
| 16:21 | Build | Farm |
| 16:22 | Build | Farm |
| 16:23 | Build | Farm |
| 16:24 | Build | Farm |
| 16:30 | Build | Farm |
| 16:35 | Build | Farm |
| 16:42 | Build | Farm |
| 16:55 | Create | Villager (Male) |
| 16:56 | Create | Villager (Male) |
| 16:56 | Create | Villager (Male) |
| 17:15 | Build | House |
| 17:16 | Build | House |
| 17:18 | Build | House |
| 17:19 | Build | House |
| 17:20 | Build | House |
| 17:21 | Build | House |
| 17:34 | Build | Barracks |
| 17:41 | Build | Blacksmith |
| 17:50 | Build | Market |
| 18:17 | Create | Villager (Male) |
| 18:18 | Create | Villager (Male) |
| 19:38 | Build | Archery Range |
| 19:54 | Build | Mining Camp |
| 20:07 | Research | Castle Age |
| 20:59 | Build | Stable |
| 21:01 | Build | Stable |
| 21:04 | Build | Stable |
| 21:17 | Research | Wheelbarrow |
| 21:20 | Research | Town Watch |
| 21:25 | Research | Forging |
| 21:27 | Research | Scale Barding Armor |
| 22:02 | Research | Gold Mining |
| 22:50 | Age | Castle Age |
| 23:28 | Build | Stable |
| 23:56 | Research | Husbandry |
| 24:43 | Create | Villager (Male) |
| 24:43 | Create | Villager (Male) |
| 24:43 | Create | Villager (Male) |
| 24:43 | Create | Villager (Male) |
| 24:54 | Create | Villager (Male) |
| 24:55 | Create | Villager (Male) |
| 25:30 | Build | Mining Camp |
| 25:47 | Build | Town Center |
| 26:21 | Research | Gold Shaft Mining |
| 26:45 | Research | Stone Mining |
| 26:55 | Create | Villager (Male) |
| 26:56 | Create | Villager (Male) |
| 27:08 | Research | Bow Saw |
| 27:56 | Create | Villager (Male) |
| 27:56 | Create | Villager (Male) |
| 29:16 | Build | Castle |
| 29:37 | Build | Monastery |
| 29:52 | Build | University |
| 29:57 | Build | House |
| 29:59 | Build | House |
| 30:01 | Build | House |
| 30:02 | Build | House |
| 30:03 | Build | House |
| 30:10 | Build | House |
| 30:10 | Build | House |
| 30:10 | Build | House |
| 30:10 | Build | House |
| 30:37 | Create | Monk |
| 30:40 | Research | Fervor |
| 30:42 | Create | Monk |
| 30:43 | Create | Monk |
| 30:56 | Build | Lumber Camp |
| 31:10 | Build | Lumber Camp |
| 31:17 | Research | Iron Casting |
| 31:19 | Research | Chain Barding Armor |
| 31:54 | Create | Knight |
| 31:54 | Create | Knight |
| 31:54 | Create | Knight |
| 31:55 | Create | Knight |
| 31:55 | Create | Knight |
| 31:57 | Create | Knight |
| 31:57 | Create | Knight |
| 31:57 | Create | Knight |
| 31:57 | Create | Knight |
| 31:59 | Create | Knight |
| 32:00 | Create | Knight |
| 32:01 | Create | Knight |
| 32:01 | Create | Knight |
| 32:02 | Create | Knight |
| 32:03 | Create | Knight |
| 32:04 | Create | Knight |
| 32:06 | Create | Knight |
| 32:07 | Create | Knight |
| 32:13 | Research | Imperial Age |
| 32:39 | Build | House |
| 32:41 | Build | House |
| 32:43 | Build | House |
| 32:43 | Build | House |
| 32:45 | Build | House |
| 32:45 | Build | House |
| 32:52 | Create | Villager (Male) ×5 |
Build order — E-STROKE
First 150 of 348 actions detected
| 0:06 | Create | Villager (Male) |
| 0:06 | Create | Villager (Male) |
| 0:08 | Build | House |
| 0:11 | Build | House |
| 0:18 | Create | Villager (Male) |
| 0:18 | Create | Villager (Male) |
| 1:43 | Create | Villager (Male) |
| 2:19 | Create | Villager (Male) |
| 2:19 | Create | Villager (Male) |
| 2:20 | Create | Villager (Male) |
| 2:35 | Create | Villager (Male) |
| 3:11 | Create | Villager (Male) |
| 3:12 | Create | Villager (Male) |
| 3:16 | Build | House |
| 3:22 | Build | House |
| 3:28 | Create | Villager (Male) |
| 3:28 | Create | Villager (Male) |
| 3:59 | Create | Villager (Male) |
| 4:09 | Create | Villager (Male) |
| 4:11 | Build | Mill |
| 4:51 | Create | Villager (Male) |
| 5:22 | Build | Lumber Camp |
| 5:31 | Create | Villager (Male) |
| 5:31 | Create | Villager (Male) |
| 6:12 | Create | Villager (Male) |
| 6:29 | Create | Villager (Male) |
| 7:18 | Create | Villager (Male) |
| 7:29 | Build | House |
| 7:30 | Build | House |
| 7:45 | Create | Villager (Male) |
| 8:18 | Create | Villager (Male) |
| 8:36 | Create | Villager (Male) |
| 9:14 | Create | Villager (Male) |
| 9:50 | Research | Feudal Age |
| 11:10 | Build | House |
| 11:13 | Build | House |
| 12:00 | Age | Feudal Age |
| 12:01 | Research | Horse Collar |
| 12:01 | Research | Horse Collar |
| 12:16 | Build | Mining Camp |
| 12:19 | Build | Farm |
| 12:20 | Build | Farm |
| 12:22 | Build | Farm |
| 12:24 | Build | Farm |
| 12:25 | Build | Farm |
| 12:30 | Build | Farm |
| 12:48 | Create | Villager (Male) |
| 12:59 | Build | Blacksmith |
| 13:08 | Build | Blacksmith |
| 13:12 | Build | House |
| 13:15 | Create | Villager (Male) |
| 13:21 | Build | Market |
| 13:23 | Create | Villager (Male) |
| 13:41 | Build | House |
| 13:45 | Create | Villager (Male) |
| 14:15 | Create | Villager (Male) |
| 14:22 | Build | Farm |
| 14:42 | Build | Mining Camp |
| 14:57 | Create | Villager (Male) |
| 15:25 | Create | Villager (Male) |
| 16:11 | Research | Castle Age |
| 16:11 | Research | Castle Age |
| 16:19 | Build | Barracks |
| 17:10 | Build | House |
| 17:11 | Build | House |
| 17:19 | Research | Stone Mining |
| 17:23 | Research | Double-Bit Axe |
| 17:23 | Research | Double-Bit Axe |
| 17:57 | Research | Gold Mining |
| 17:57 | Research | Gold Mining |
| 18:38 | Build | House |
| 18:40 | Build | House |
| 18:51 | Age | Castle Age |
| 18:54 | Research | Loom |
| 19:05 | Build | Town Center |
| 19:07 | Create | Villager (Male) |
| 19:20 | Create | Villager (Male) |
| 19:33 | Build | Farm |
| 19:38 | Create | Villager (Male) |
| 19:41 | Build | House |
| 19:41 | Build | House |
| 19:53 | Create | Villager (Male) |
| 20:07 | Create | Villager (Male) |
| 20:11 | Create | Villager (Male) |
| 20:11 | Create | Villager (Male) |
| 20:23 | Build | Farm |
| 20:28 | Build | Farm |
| 20:29 | Build | Farm |
| 20:31 | Build | Farm |
| 20:36 | Build | Farm |
| 20:40 | Build | Farm |
| 20:43 | Build | House |
| 20:49 | Create | Villager (Male) |
| 21:00 | Build | Castle |
| 21:03 | Build | Mining Camp |
| 21:04 | Create | Villager (Male) |
| 21:26 | Create | Villager (Male) |
| 21:39 | Create | Villager (Male) |
| 21:57 | Create | Villager (Male) |
| 22:05 | Build | Farm |
| 22:07 | Create | Villager (Male) |
| 22:39 | Create | Villager (Male) |
| 22:41 | Create | Villager (Male) |
| 23:06 | Build | Archery Range |
| 23:08 | Build | Archery Range |
| 23:15 | Create | Villager (Male) |
| 23:20 | Create | Villager (Male) |
| 23:23 | Build | Mining Camp |
| 23:32 | Build | Siege Workshop |
| 23:34 | Create | Petard |
| 23:34 | Create | Petard |
| 23:34 | Create | Petard |
| 23:37 | Create | Villager (Male) |
| 23:40 | Create | Villager (Male) |
| 23:45 | Build | Town Center |
| 23:50 | Create | Villager (Male) |
| 23:53 | Create | Villager (Male) |
| 24:01 | Research | Crossbowman (upgrade) |
| 24:20 | Build | Farm |
| 24:22 | Build | Farm |
| 24:24 | Build | Farm |
| 24:26 | Create | Villager (Male) |
| 24:32 | Build | Farm |
| 24:33 | Build | Farm |
| 24:39 | Build | Farm |
| 24:55 | Create | Villager (Male) |
| 24:55 | Create | Villager (Male) |
| 24:55 | Create | Villager (Male) |
| 24:55 | Create | Villager (Male) |
| 24:56 | Create | Villager (Male) |
| 25:14 | Build | Mining Camp |
| 25:14 | Create | Villager (Male) |
| 25:14 | Create | Villager (Male) |
| 25:15 | Create | Villager (Male) |
| 25:26 | Create | Villager (Male) |
| 25:26 | Create | Villager (Male) |
| 25:26 | Create | Villager (Male) |
| 25:30 | Create | Villager (Male) |
| 25:31 | Create | Villager (Male) |
| 25:43 | Build | Farm |
| 25:44 | Create | Villager (Male) |
| 25:44 | Create | Villager (Male) |
| 25:45 | Create | Villager (Male) |
| 26:08 | Create | Villager (Male) |
| 26:08 | Create | Villager (Male) |
| 26:09 | Create | Villager (Male) |
| 26:24 | Create | Villager (Male) |
| 26:24 | Create | Villager (Male) |
| 26:40 | Create | Villager (Male) |
| 26:41 | Create | Villager (Male) |
Build order — only1
First 150 of 389 actions detected
| 0:01 | Create | Villager (Male) |
| 0:02 | Create | Villager (Male) |
| 0:02 | Create | Villager (Male) |
| 0:04 | Build | House |
| 0:06 | Build | House |
| 0:54 | Create | Villager (Male) |
| 0:54 | Create | Villager (Male) |
| 1:22 | Create | Villager (Male) |
| 1:23 | Create | Villager (Male) |
| 1:54 | Create | Villager (Male) |
| 1:55 | Create | Villager (Male) |
| 2:34 | Create | Villager (Male) |
| 2:34 | Create | Villager (Male) |
| 2:35 | Create | Villager (Male) |
| 2:50 | Create | Villager (Male) |
| 2:50 | Create | Villager (Male) |
| 3:22 | Create | Villager (Male) |
| 3:23 | Create | Villager (Male) |
| 3:31 | Build | House |
| 3:33 | Build | House |
| 3:36 | Build | House |
| 3:43 | Create | Villager (Male) |
| 4:36 | Create | Villager (Male) |
| 4:36 | Create | Villager (Male) |
| 4:40 | Create | Villager (Male) |
| 5:15 | Build | Lumber Camp |
| 5:19 | Create | Villager (Male) |
| 6:02 | Build | Mill |
| 6:23 | Create | Villager (Male) |
| 6:23 | Create | Villager (Male) |
| 7:05 | Create | Villager (Male) |
| 7:12 | Create | Villager (Male) |
| 8:06 | Create | Villager (Male) |
| 8:10 | Build | Mining Camp |
| 8:33 | Create | Villager (Male) |
| 8:36 | Build | Farm |
| 9:01 | Create | Villager (Male) |
| 9:04 | Build | Farm |
| 9:13 | Build | Farm |
| 9:18 | Research | Feudal Age |
| 9:44 | Build | Farm |
| 9:56 | Build | House |
| 9:58 | Build | House |
| 11:36 | Age | Feudal Age |
| 11:42 | Build | Market |
| 11:47 | Build | Blacksmith |
| 11:53 | Create | Villager (Male) |
| 11:53 | Create | Villager (Male) |
| 12:48 | Research | Castle Age |
| 13:23 | Build | Mining Camp |
| 13:44 | Build | Farm |
| 13:44 | Build | Farm |
| 13:44 | Build | Farm |
| 13:45 | Build | Farm |
| 14:45 | Build | Farm |
| 14:46 | Build | Farm |
| 15:28 | Age | Castle Age |
| 15:30 | Create | Villager (Male) |
| 15:31 | Create | Villager (Male) |
| 15:31 | Create | Villager (Male) |
| 15:40 | Build | Town Center |
| 16:47 | Create | Villager (Male) |
| 16:48 | Create | Villager (Male) |
| 17:10 | Build | Town Center |
| 17:15 | Create | Villager (Male) |
| 17:15 | Create | Villager (Male) |
| 17:16 | Create | Villager (Male) |
| 17:17 | Create | Villager (Male) |
| 17:18 | Create | Villager (Male) |
| 17:18 | Create | Villager (Male) |
| 17:29 | Create | Villager (Male) |
| 17:44 | Create | Villager (Male) |
| 17:48 | Create | Villager (Male) |
| 17:48 | Create | Villager (Male) |
| 17:54 | Research | Double-Bit Axe |
| 18:57 | Create | Villager (Male) |
| 18:57 | Create | Villager (Male) |
| 18:58 | Create | Villager (Male) |
| 18:59 | Create | Villager (Male) |
| 19:01 | Create | Villager (Male) |
| 19:10 | Create | Villager (Male) |
| 19:11 | Create | Villager (Male) |
| 19:11 | Create | Villager (Male) |
| 19:13 | Create | Villager (Male) |
| 19:22 | Build | Siege Workshop |
| 19:34 | Create | Villager (Male) |
| 19:36 | Create | Villager (Male) |
| 20:10 | Create | Villager (Male) |
| 20:15 | Build | House |
| 20:16 | Build | House |
| 20:18 | Build | House |
| 20:20 | Build | House |
| 20:25 | Build | House |
| 20:40 | Build | Castle |
| 20:48 | Build | Town Center |
| 20:50 | Create | Villager (Male) |
| 20:51 | Create | Villager (Male) |
| 20:51 | Create | Villager (Male) |
| 20:55 | Create | Villager (Male) |
| 20:56 | Create | Villager (Male) |
| 21:15 | Research | Bow Saw |
| 21:24 | Build | House |
| 21:33 | Create | Villager (Male) |
| 21:42 | Build | Farm |
| 21:42 | Build | Farm |
| 21:42 | Build | Farm |
| 21:43 | Build | Farm |
| 21:43 | Build | Farm |
| 22:00 | Create | Villager (Male) |
| 22:01 | Create | Villager (Male) |
| 22:01 | Create | Villager (Male) |
| 22:19 | Create | Villager (Male) |
| 22:46 | Build | Siege Workshop |
| 22:51 | Build | Siege Workshop |
| 22:59 | Create | Villager (Male) |
| 23:00 | Create | Villager (Male) |
| 23:02 | Create | Villager (Male) |
| 23:06 | Create | Villager (Male) |
| 23:17 | Create | Villager (Male) |
| 23:17 | Create | Villager (Male) |
| 23:31 | Build | Farm |
| 23:32 | Build | Farm |
| 23:32 | Build | Farm |
| 23:32 | Build | Farm |
| 23:34 | Build | Farm |
| 23:45 | Build | Farm |
| 23:46 | Build | Farm |
| 23:48 | Build | Farm |
| 24:16 | Create | Villager (Male) |
| 24:16 | Create | Villager (Male) |
| 24:17 | Create | Villager (Male) |
| 24:17 | Create | Villager (Male) |
| 24:29 | Create | Scorpion ×5 |
| 24:30 | Create | Scorpion ×4 |
| 24:43 | Create | Villager (Male) |
| 24:43 | Create | Villager (Male) |
| 24:44 | Create | Villager (Male) |
| 24:44 | Create | Villager (Male) |
| 24:54 | Build | University |
| 25:15 | Create | Villager (Male) |
| 25:19 | Create | Villager (Male) |
| 25:19 | Create | Villager (Male) |
| 25:20 | Create | Villager (Male) |
| 25:22 | Create | Villager (Male) |
| 25:33 | Build | Farm |
| 25:33 | Build | Farm |
| 25:33 | Build | Farm |
| 25:34 | Build | Farm |
| 25:36 | Build | Farm |
| 25:36 | Build | Farm |
Build order — aemond
First 150 of 1047 actions detected
| 0:09 | Create | Villager (Male) |
| 0:10 | Create | Villager (Male) |
| 0:10 | Create | Villager (Male) |
| 0:11 | Create | Villager (Male) |
| 1:54 | Create | Villager (Male) |
| 1:56 | Create | Villager (Male) |
| 2:13 | Create | Villager (Male) |
| 2:13 | Create | Villager (Male) |
| 2:52 | Create | Villager (Male) |
| 2:52 | Create | Villager (Male) |
| 3:03 | Create | Villager (Male) |
| 3:04 | Create | Villager (Male) |
| 3:14 | Create | Villager (Male) |
| 3:14 | Create | Villager (Male) |
| 3:35 | Create | Villager (Male) |
| 3:49 | Create | Villager (Male) |
| 3:53 | Create | Villager (Male) |
| 3:54 | Create | Villager (Male) |
| 4:17 | Create | Villager (Male) |
| 6:14 | Create | Villager (Male) |
| 6:16 | Create | Villager (Male) |
| 6:16 | Create | Villager (Male) |
| 6:17 | Create | Villager (Male) |
| 6:18 | Create | Villager (Male) |
| 6:19 | Create | Villager (Male) |
| 8:13 | Create | Villager (Male) |
| 8:18 | Build | Mill |
| 8:19 | Create | Villager (Male) |
| 8:21 | Create | Villager (Male) |
| 8:24 | Create | Villager (Male) |
| 8:44 | Build | Lumber Camp |
| 9:28 | Create | Villager (Male) |
| 10:29 | Build | Barracks |
| 11:04 | Research | Feudal Age |
| 11:48 | Create | Villager (Male) |
| 11:53 | Build | Farm |
| 11:54 | Build | Farm |
| 11:56 | Build | Farm |
| 11:57 | Build | Farm |
| 12:00 | Build | Farm |
| 12:02 | Build | Farm |
| 12:04 | Build | Farm |
| 12:05 | Build | Farm |
| 12:06 | Build | Farm |
| 12:08 | Build | Farm |
| 13:14 | Age | Feudal Age |
| 13:22 | Research | Wheelbarrow |
| 13:23 | Research | Town Watch |
| 13:26 | Research | Horse Collar |
| 13:29 | Research | Double-Bit Axe |
| 13:38 | Create | Villager (Male) |
| 13:49 | Build | Mining Camp |
| 13:54 | Create | Villager (Male) |
| 14:07 | Build | Market |
| 14:12 | Build | Blacksmith |
| 14:34 | Research | Gold Mining |
| 14:35 | Research | Stone Mining |
| 14:46 | Research | Town Watch |
| 14:48 | Create | Villager (Male) |
| 15:23 | Create | Trade Cart |
| 15:48 | Create | Villager (Male) |
| 16:06 | Research | Forging |
| 16:06 | Research | Scale Barding Armor |
| 16:27 | Create | Villager (Male) |
| 16:27 | Create | Villager (Male) |
| 16:34 | Create | Trade Cart |
| 16:42 | Build | Mining Camp |
| 17:42 | Create | Trade Cart |
| 17:51 | Create | Villager (Male) |
| 18:20 | Create | Villager (Male) |
| 18:25 | Build | Farm |
| 18:53 | Build | Farm |
| 19:01 | Create | Villager (Male) |
| 19:30 | Research | Castle Age |
| 19:30 | Research | Castle Age |
| 19:33 | Build | Farm |
| 19:37 | Build | Mill |
| 19:44 | Create | Trade Cart |
| 19:47 | Create | Trade Cart |
| 20:01 | Create | Spearman |
| 20:33 | Create | Trade Cart |
| 20:36 | Create | Spearman |
| 20:47 | Build | Farm |
| 20:51 | Build | Farm |
| 20:54 | Build | Farm |
| 20:58 | Build | Farm |
| 21:01 | Create | Villager (Male) |
| 21:16 | Create | Spearman |
| 22:10 | Age | Castle Age |
| 22:18 | Build | Town Center |
| 22:26 | Research | Bow Saw |
| 22:37 | Create | Villager (Male) |
| 22:37 | Create | Villager (Male) |
| 22:38 | Create | Villager (Male) |
| 22:38 | Create | Villager (Male) |
| 22:39 | Create | Villager (Male) |
| 22:43 | Build | Farm |
| 22:45 | Research | Heavy Plow |
| 22:48 | Research | Gold Shaft Mining |
| 22:50 | Research | Caravan |
| 23:20 | Create | Spearman |
| 23:30 | Create | Villager (Male) |
| 23:31 | Create | Villager (Male) |
| 23:32 | Create | Villager (Male) |
| 23:32 | Create | Villager (Male) |
| 23:41 | Build | Farm |
| 23:44 | Build | Farm |
| 23:46 | Build | Farm |
| 23:48 | Build | Farm |
| 23:51 | Build | Farm |
| 23:53 | Build | Farm |
| 24:00 | Create | Villager (Male) |
| 24:03 | Create | Villager (Male) |
| 24:12 | Create | Trade Cart |
| 24:21 | Research | Iron Casting |
| 24:21 | Research | Chain Barding Armor |
| 24:53 | Create | Villager (Male) |
| 24:56 | Create | Villager (Male) |
| 25:03 | Create | Trade Cart |
| 25:16 | Research | Hand Cart |
| 25:25 | Create | Villager (Male) |
| 25:31 | Build | Mining Camp |
| 25:52 | Build | Castle |
| 26:10 | Build | Mining Camp |
| 26:14 | Research | Town Patrol |
| 26:19 | Create | Villager (Male) |
| 26:19 | Create | Villager (Male) |
| 26:20 | Create | Villager (Male) |
| 26:23 | Create | Villager (Male) |
| 26:26 | Create | Villager (Male) |
| 26:38 | Create | Villager (Male) |
| 26:39 | Create | Villager (Male) |
| 26:51 | Create | Trade Cart |
| 26:52 | Create | Trade Cart |
| 26:53 | Create | Trade Cart |
| 26:54 | Create | Trade Cart |
| 26:55 | Create | Trade Cart |
| 27:00 | Create | Villager (Male) |
| 27:21 | Create | Spearman |
| 27:24 | Create | Spearman |
| 27:39 | Build | Stable |
| 27:41 | Build | Stable |
| 27:44 | Build | Stable |
| 28:00 | Create | Villager (Male) |
| 28:01 | Create | Villager (Male) |
| 28:07 | Research | Marauders |
| 28:17 | Create | Spearman |
| 28:30 | Create | Trade Cart |
| 28:35 | Create | Villager (Male) |
| 28:41 | Create | Villager (Male) |
Build order — RuloEpic
First 150 of 325 actions detected
| 0:04 | Build | House |
| 0:07 | Build | House |
| 0:09 | Create | Villager (Male) ×4 |
| 0:31 | Build | House |
| 1:43 | Create | Villager (Male) |
| 2:01 | Create | Villager (Male) |
| 2:23 | Create | Villager (Male) |
| 3:06 | Create | Villager (Male) |
| 3:07 | Create | Villager (Male) |
| 3:36 | Create | Villager (Male) |
| 3:36 | Create | Villager (Male) |
| 4:09 | Create | Villager (Male) |
| 4:10 | Create | Villager (Male) |
| 4:24 | Build | Mill |
| 4:37 | Create | Villager (Male) |
| 4:37 | Create | Villager (Male) |
| 5:22 | Create | Villager (Male) |
| 5:22 | Create | Villager (Male) |
| 5:32 | Build | Lumber Camp |
| 6:32 | Build | House |
| 6:33 | Build | House |
| 6:35 | Build | House |
| 6:42 | Create | Villager (Male) |
| 7:21 | Create | Villager (Male) |
| 7:55 | Build | Barracks |
| 8:07 | Research | Loom |
| 8:21 | Build | Mining Camp |
| 8:52 | Build | Farm |
| 8:57 | Build | Farm |
| 9:11 | Build | Farm |
| 9:29 | Research | Feudal Age |
| 9:45 | Build | Mining Camp |
| 11:39 | Age | Feudal Age |
| 11:40 | Research | Wheelbarrow |
| 11:43 | Research | Double-Bit Axe |
| 11:46 | Research | Horse Collar |
| 11:59 | Build | Farm |
| 12:00 | Build | Farm |
| 12:01 | Build | Farm |
| 12:04 | Build | Farm |
| 12:11 | Build | Farm |
| 12:14 | Create | Villager (Male) ×3 |
| 13:03 | Research | Gold Mining |
| 13:05 | Research | Stone Mining |
| 13:42 | Build | Blacksmith |
| 13:52 | Create | Villager (Male) |
| 13:53 | Create | Villager (Male) |
| 14:20 | Build | Market |
| 14:36 | Build | Farm |
| 14:50 | Build | Farm |
| 15:03 | Create | Villager (Male) |
| 15:03 | Create | Villager (Male) |
| 15:03 | Create | Villager (Male) |
| 15:08 | Build | Farm |
| 15:15 | Build | Farm |
| 15:36 | Build | Farm |
| 15:50 | Create | Villager (Male) |
| 15:50 | Create | Villager (Male) |
| 16:11 | Build | Farm |
| 16:14 | Build | Farm |
| 16:16 | Build | Farm |
| 16:36 | Create | Villager (Male) |
| 16:36 | Create | Villager (Male) |
| 16:42 | Build | Farm |
| 16:43 | Build | Farm |
| 16:45 | Build | Farm |
| 17:01 | Create | Villager (Male) |
| 17:14 | Build | House |
| 17:23 | Build | House |
| 17:27 | Build | House |
| 18:05 | Research | Castle Age |
| 21:03 | Age | Castle Age |
| 21:19 | Build | Monastery |
| 21:48 | Build | Town Center |
| 21:56 | Research | Hand Cart |
| 21:57 | Create | Villager (Male) ×5 |
| 21:58 | Create | Monk |
| 22:22 | Create | Monk |
| 22:31 | Create | Villager (Male) ×5 |
| 22:34 | Create | Villager (Male) |
| 22:39 | Build | Lumber Camp |
| 24:51 | Create | Villager (Male) ×5 |
| 25:01 | Build | Mill |
| 25:03 | Build | Farm |
| 25:03 | Build | Farm |
| 25:03 | Build | Farm |
| 25:04 | Build | Farm |
| 25:04 | Build | Farm |
| 25:04 | Build | Farm |
| 25:05 | Build | Farm |
| 25:05 | Build | Farm |
| 25:05 | Build | Farm |
| 25:08 | Create | Villager (Male) ×5 |
| 25:12 | Create | Villager (Male) ×5 |
| 25:13 | Create | Villager (Male) ×5 |
| 25:17 | Research | Bow Saw |
| 25:21 | Build | Farm |
| 26:01 | Build | House |
| 26:01 | Build | House |
| 26:02 | Build | House |
| 26:02 | Build | House |
| 26:02 | Build | House |
| 26:09 | Build | University |
| 26:26 | Build | Farm |
| 26:29 | Build | Farm |
| 26:46 | Research | Heavy Plow |
| 27:06 | Build | Farm |
| 27:19 | Build | Mill |
| 27:21 | Build | Farm |
| 27:22 | Build | Farm |
| 27:22 | Build | Farm |
| 27:33 | Build | Farm |
| 27:34 | Build | Farm |
| 27:36 | Build | Farm |
| 28:04 | Research | Gold Shaft Mining |
| 28:06 | Research | Stone Shaft Mining |
| 29:22 | Build | Mining Camp |
| 29:27 | Build | Mining Camp |
| 29:33 | Build | Mining Camp |
| 29:36 | Build | Mining Camp |
| 29:41 | Research | Fortified Wall (upgrade) |
| 29:42 | Research | Ballistics |
| 29:43 | Research | Treadmill Crane |
| 29:43 | Research | Murder Holes |
| 29:48 | Research | Imperial Age |
| 29:51 | Create | Villager (Male) ×5 |
| 30:01 | Build | Lumber Camp |
| 30:04 | Build | Lumber Camp |
| 30:34 | Research | Treadmill Crane |
| 30:42 | Build | House |
| 30:42 | Build | House |
| 30:42 | Build | House |
| 30:43 | Build | House |
| 30:47 | Build | House |
| 31:10 | Create | Villager (Male) |
| 31:10 | Create | Villager (Male) |
| 31:11 | Create | Villager (Male) |
| 31:32 | Build | Stable |
| 31:33 | Build | Stable |
| 31:36 | Build | Stable |
| 32:58 | Age | Imperial Age |
| 33:05 | Create | Villager (Male) ×5 |
| 33:19 | Create | Villager (Male) ×5 |
| 33:33 | Build | Mining Camp |
| 33:46 | Research | Crop Rotation |
| 34:18 | Build | Siege Workshop |
| 34:20 | Build | Siege Workshop |
| 34:50 | Research | Husbandry |
| 35:07 | Create | Villager (Male) |
| 35:10 | Create | Villager (Male) |
Match timeline
| 7:55 | RuloEpic · first_building Barracks |
| 10:29 | aemond · first_building Barracks |
| 10:49 | gazza17 · age_up feudal |
| 11:23 | jean-danie1 · age_up feudal |
| 11:36 | only1 · age_up feudal |
| 11:39 | RuloEpic · age_up feudal |
| 12:00 | E-STROKE · age_up feudal |
| 12:17 | Ramses der Barmherzige 222 · age_up feudal |
| 12:27 | jean-danie1 · wall_segment Stone Wall x1 |
| 12:37 | jean-danie1 · wall_segment Stone Wall x1 |
| 13:14 | aemond · age_up feudal |
| 13:59 | jean-danie1 · first_building Barracks |
| 14:09 | jean-danie1 · wall_segment Stone Wall x8 |
| 14:15 | emmanuelsanchez91218 · age_up feudal |
| 15:28 | only1 · age_up castle |
| 15:44 | gazza17 · age_up castle |
| 15:50 | gazza17 · first_building Monastery |
| 16:19 | E-STROKE · first_building Barracks |
| 17:34 | emmanuelsanchez91218 · first_building Barracks |
| 17:39 | gazza17 · first_building Barracks |
| 18:13 | Ramses der Barmherzige 222 · age_up castle |
| 18:42 | gazza17 · first_building Stable |
| 18:48 | jean-danie1 · age_up castle |
| 18:51 | E-STROKE · age_up castle |
| 19:16 | gazza17 · first_market_buy 100 wood |
| 19:22 | only1 · first_building Siege Workshop |
| 19:38 | emmanuelsanchez91218 · first_building Archery Range |
| 19:51 | Ramses der Barmherzige 222 · first_market_buy 100 stone |
| 20:40 | only1 · first_building Castle |
| 20:49 | jean-danie1 · first_building Monastery |
| 20:59 | emmanuelsanchez91218 · first_building Stable |
| 21:00 | E-STROKE · first_building Castle |
| 21:03 | RuloEpic · age_up castle |
| 21:19 | RuloEpic · first_building Monastery |
| 22:10 | aemond · age_up castle |
| 22:39 | jean-danie1 · first_building Siege Workshop |
| 22:50 | emmanuelsanchez91218 · age_up castle |
| 23:06 | E-STROKE · first_building Archery Range |
| 23:32 | E-STROKE · first_building Siege Workshop |
| 25:52 | aemond · first_building Castle |
| 26:00 | Ramses der Barmherzige 222 · first_building Castle |
| 26:50 | only1 · first_market_buy 100 food |
| 26:59 | E-STROKE · first_market_buy 500 wood |
| 27:00 | jean-danie1 · first_building Castle |
| 27:39 | aemond · first_building Stable |
| 29:16 | emmanuelsanchez91218 · first_building Castle |
| 29:37 | emmanuelsanchez91218 · first_building Monastery |
| 30:07 | only1 · age_up imperial |
| 30:18 | E-STROKE · first_market_sell 500 wood |
| 31:25 | aemond · first_building Archery Range |
| 31:32 | RuloEpic · first_building Stable |
| 31:52 | Ramses der Barmherzige 222 · first_building Siege Workshop |
| 31:57 | E-STROKE · first_building Stable |
| 31:59 | jean-danie1 · age_up imperial |
| 32:20 | gazza17 · age_up imperial |
| 32:58 | RuloEpic · age_up imperial |
| 33:19 | jean-danie1 · first_market_sell 100 wood |
| 33:45 | E-STROKE · age_up imperial |
| 33:58 | Ramses der Barmherzige 222 · first_building Barracks |
| 34:14 | aemond · age_up imperial |
| 34:18 | RuloEpic · first_building Siege Workshop |
| 35:23 | emmanuelsanchez91218 · age_up imperial |
| 35:55 | jean-danie1 · first_building Stable |
| 36:38 | RuloEpic · first_building Castle |
| 36:40 | Ramses der Barmherzige 222 · age_up imperial |
| 39:33 | Ramses der Barmherzige 222 · first_building Archery Range |
| 43:52 | gazza17 · first_building Castle |
| 44:35 | jean-danie1 · first_building Archery Range |
| 44:41 | Ramses der Barmherzige 222 · first_market_sell 100 stone |
| 51:39 | only1 · first_building Barracks |
| 53:29 | aemond · first_market_sell 100 wood |
| 53:45 | gazza17 · first_building Archery Range |
| 55:26 | E-STROKE · wall_segment Stone Wall x4 |
| 61:59 | Ramses der Barmherzige 222 · resign |
| 67:51 | RuloEpic · first_market_sell 500 wood |
| 67:55 | RuloEpic · first_market_buy 500 food |
[ AI ANALYSIS · 1 CREDIT ]
What really happened in this match?
Wolo.gg analyzes every decision: build order, eco, micro, common mistakes by bracket. Personalized analysis on WhatsApp or Discord in 30 seconds.
Civ guide
Lithuanians
Map guide
Arena
Perfil
gazza17